Map: Dusk Towers

Players

Miszu - Winner!

  • Race: Terran Terran
  • League: Master

IMashBuddenz

  • Race: Terran Terran
  • League: Master

VOD

Have the link to the VOD?

Description

Time

  • Played on: July 6, 2016, 8:45 p.m.
  • Length: 24:38
Show
View Real Time Build Order
Export as new Build Order

Miszu Terran - Winner!

Build Orders: 1/1/1, Bio Tank 

Get SALT Encoding   

  12  0:01  SCV  
  13  0:13  SCV  
  14  0:17  Supply Depot  
  14  0:26  SCV  
  14  0:28  Refinery  
  15  0:38  SCV  
  16  0:45  Barracks  
  16  0:50  SCV  
  16  0:56  Refinery  
  17  1:03  SCV  
  18  1:15  SCV  
  19  1:27  SCV  
  20  1:33  Factory  
  20  1:37  Reaper  
  21  1:40  Orbital Command  
  21  1:55  Supply Depot  
  21  2:06  SCV  
  22  2:09  Reaper  
  23  2:18  Starport, Hellion  
  23  2:21  SCV  
  26  2:25  Supply Depot  
  26  2:33  SCV  
  27  2:42  Hellion, Reaper  
  30  2:45  SCV  
  31  2:58  Medivac  
  33  3:10  Command Center  
  33  3:12  SCV  
  34  3:15  Barracks Reactor  
  34  3:24  SCV  
  35  3:29  Starport Tech Lab  
  35  3:37  Barracks x2  
  35  3:38  SCV  
  36  3:41  Factory Tech Lab  
  36  3:51  SCV  
  36  3:54  Starport Reactor, Supply Depot  
  37  3:57  Marine x2  
  39  4:10  Factory Tech Lab  
  39  4:16  SCV  
  39  4:27  Marine  
  39  4:28  Marine, SCV  
  42  4:32  Orbital Command  
  42  4:34  Engineering Bay  
  41  4:40  SCV  
  41  4:41  Stimpack  
  41  4:42  Refinery  
  42  4:59  Marine x3  
  41  5:00  SCV  
  41  5:01  SCV  
  41  5:02  Terran Infantry Weapons Level 1  
  41  5:05  Marine  
  45  5:07  Siege Tank  
  45  5:11  Medivac  
  45  5:12  SCV  
  45  5:13  SCV  
  52  5:24  Supply Depot, SCV  
  52  5:26  Marine x2, SCV  
  56  5:34  Marine x2  
  58  5:37  SCV  
  58  5:38  SCV  
  60  5:44  Marine x2  
  60  5:45  Siege Tank  
  60  5:47  Supply Depot  
  60  5:48  Medivac  
  60  5:49  SCV  
  68  5:50  SCV  
  68  5:52  Marine  
  70  6:04  Supply Depot  
  70  6:08  Marine x3, SCV x2  
  70  6:09  Supply Depot, Marine  
  76  6:17  Siege Tank  
  77  6:23  SCV  
  77  6:25  SCV  
  79  6:34  Marine x3  
  79  6:39  Command Center  
  82  6:40  SCV  
  82  6:41  Refinery, SCV  
  78  6:50  Marine  
  78  6:52  Marine x3  
  78  6:53  Medivac x2  
  82  6:57  Siege Tank  
  85  7:06  SCV  
  85  7:07  Marine, SCV  
  88  7:13  Terran Infantry Armor Level 1  
  88  7:14  Supply Depot  
  88  7:16  Supply Depot  
  88  7:18  SCV  
  88  7:19  Marine, SCV  
  88  7:20  Marine x2  
  93  7:25  Marine  
  94  7:35  Medivac, Siege Tank, SCV x2  
  100  7:37  Marine x2  
  100  7:38  Marine  
  100  7:41  Missile Turret  
  100  7:43  Supply Depot, Marine, Missile Turret  
  104  7:46  Combat Shields  
  104  7:47  SCV x2  
  104  7:50  Supply Depot  
  107  7:55  Marine  
  107  7:56  Orbital Command  
  107  7:59  SCV x2  
  107  8:05  Medivac  
  110  8:08  Siege Tank  
  110  8:11  SCV x2  
  115  8:23  Marine x4  
  119  8:31  SCV x3  
  122  8:39  Refinery x2  
  122  8:40  Supply Depot, Marine  
  122  8:41  Supply Depot, Marine x3  
  123  8:43  SCV x3  
  129  8:49  Engineering Bay, Armory  
  129  8:50  Siege Tank  
  129  8:55  SCV  
  133  8:58  Marine  
  133  8:59  Marine x2  
  121  9:06  Marine  
  112  9:13  Medivac x2  
  112  9:16  Marine  
  112  9:17  Marine x2  
  106  9:24  Marine  
  106  9:28  Siege Tank  
  108  9:32  Barracks  
  108  9:34  Factory, Supply Depot, Marine x3  
  108  9:35  Barracks  
  111  9:42  Marine  
  112  9:46  Missile Turret  
  112  9:48  Medivac x2  
  112  9:49  Sensor Tower  
  112  9:52  Marine x3  
  117  9:54  SCV x3  
  122  10:00  Marine  
  122  10:05  Siege Tank  
  126  10:08  Supply Depot  
  126  10:09  Supply Depot, Marine  
  126  10:10  Terran Infantry Armor Level 2, Marine x2, Terran Infantry Weapons Level 2  
  129  10:17  Marine  
  129  10:18  Command Center  
  129  10:20  Barracks Reactor  
  129  10:21  Factory Tech Lab  
  130  10:22  Barracks Reactor  
  130  10:27  Marine  
  130  10:28  Marine x2  
  132  10:32  Terran Vehicle Weapons Level 1  
  90  10:35  Marine, Medivac x2  
  132  10:37  Siege Tank  
  132  10:42  Siege Tank  
  143  10:45  Marine  
  143  10:46  Marine  
  145  10:54  Missile Turret x2  
  144  10:57  Missile Turret  
  144  10:59  Marine  
  144  11:00  Marine x5  
  144  11:02  Missile Turret  
  144  11:03  Marine x2  
  152  11:05  Medivac  
  152  11:09  Siege Tank  
  157  11:12  Medivac  
  157  11:14  Siege Tank  
  157  11:17  Marine  
  157  11:18  Marine x3  
  165  11:19  Marine x2  
  165  11:21  Marine x2  
  169  11:32  Supply Depot  
  168  11:34  Supply Depot  
  168  11:35  Marine, Medivac  
  168  11:36  Marine x3  
  168  11:37  Marine x2  
  168  11:39  Marine  
  176  11:40  Marine  
  176  11:42  Medivac, Siege Tank  
  182  11:56  Siege Tank  
  183  12:08  Refinery  
  183  12:10  Sensor Tower  
  183  12:12  Refinery  
  183  12:14  Siege Tank  
  182  12:26  Medivac x2  
  182  12:28  Siege Tank  
  189  12:39  Terran Vehicle Weapons Level 2  
  189  12:40  Terran Infantry Weapons Level 3, Terran Infantry Armor Level 3  
  185  12:46  Siege Tank  
  172  12:56  Planetary Fortress  
  172  12:58  Marine x6  
  173  12:59  Marine x2  
  180  13:16  Marine x5, SCV x2  
  180  13:17  SCV  
  186  13:28  Barracks, SCV  
  186  13:29  Barracks x2, SCV  
  177  13:40  Marine x8  
  153  13:46  Siege Tank x2  
  159  13:50  Medivac x2  
  163  13:57  Marine  
  163  13:58  Marine x6  
  156  14:16  Marine x2  
  155  14:17  Barracks Reactor x2  
  155  14:18  Barracks Reactor  
  155  14:19  Barracks Reactor x2, Missile Turret  
  155  14:20  Missile Turret  
  155  14:21  Sensor Tower  
  155  14:22  Missile Turret  
  155  14:23  Siege Tank x2  
  155  14:24  Medivac x2  
  165  14:36  Sensor Tower  
  163  14:41  Marine  
  162  14:56  Marauder  
  162  14:59  Marine x10  
  153  15:00  Marine x4  
  162  15:09  Siege Tank x2  
  168  15:17  Marine x15  
  183  15:22  Command Center  
  183  15:33  Sensor Tower  
  183  15:34  Marine  
  183  15:35  Marine x10  
  190  15:42  Marine x2  
  195  15:43  Marine x2  
  198  15:52  Marine  
  198  15:53  Marine  
  200  15:57  Sensor Tower  
  191  16:35  Marine x7  
  191  16:36  Marine x4  
  174  17:09  Siege Tank x2  
  174  17:13  Marine  
  174  17:14  Marine x13  
  181  17:32  Marine  
  182  17:41  Siege Tank x2  
  188  17:47  Marine x2  
  188  17:48  Marine  
  191  17:56  Orbital Command  
  191  18:01  Marine x3  
  191  18:02  Marine  
  191  18:13  Siege Tank x2  
  197  18:26  Marine  
  197  18:27  Marine x14  
  176  18:44  Marine  
  176  18:45  Siege Tank x2  
  183  18:49  Sensor Tower  
  182  18:59  Missile Turret  
  182  19:09  Planetary Fortress  
  181  19:17  Siege Tank  
  181  19:23  Medivac x2, Siege Tank  
  191  19:28  SCV  
  183  19:36  Marine x11  
  164  19:40  Marine  
  164  19:42  Marine  
  164  19:43  Marine x2  
  161  19:49  Siege Tank  
  164  19:53  Marine, Medivac  
  164  19:54  Marine x8  
  172  20:14  Marine  
  172  20:15  Marine x3  
  176  20:23  Siege Tank x2  
  176  20:24  Refinery  
  176  20:25  Command Center  
  182  20:30  Sensor Tower  
  178  20:46  Medivac x2  
  178  20:48  Marine x4  
  178  20:49  Marine x5  
  189  20:55  Siege Tank x2  
  192  21:04  Terran Vehicle Weapons Level 3  
  175  21:12  Marine x4  
  175  21:13  Marine x10  
  175  21:16  Medivac  
  191  21:19  Marine, Medivac  
  192  21:27  Siege Tank  
  192  21:30  Marine x5  
  184  22:19  Marine  
  184  22:20  Marine x14  
  199  22:24  Planetary Fortress  
  199  22:31  Missile Turret  
  193  22:37  Marine  
  193  22:38  Marine x4  
  175  22:58  Marine  
  175  22:59  Marine x14  
  190  23:07  Siege Tank x2  
  190  23:16  Marine x6  
  190  23:17  Marine x9  
  185  23:34  Marine x12  
  184  23:35  Marine x3  
  184  23:39  Siege Tank  
  188  23:51  Marine  
  188  23:52  Marine x14  
  190  24:06  Starport, Refinery  
  190  24:07  Starport  
  190  24:08  Refinery  
  190  24:09  Refinery  
  191  24:10  Marine x3  
Show
View Real Time Build Order
Export as new Build Order

IMashBuddenz Terran 

Build Orders: Reaper Expand, Bio Tank 

Get SALT Encoding   

  12  0:01  SCV  
  13  0:13  SCV  
  14  0:17  Supply Depot  
  14  0:25  SCV  
  15  0:39  SCV  
  15  0:40  Barracks  
  16  0:45  Refinery  
  16  0:51  SCV  
  17  1:03  SCV  
  18  1:17  SCV  
  19  1:28  Reaper  
  19  1:29  Orbital Command  
  20  1:42  Command Center  
  20  1:56  SCV  
  20  1:58  Supply Depot  
  20  2:00  Marine  
  22  2:08  Factory  
  22  2:10  SCV  
  23  2:17  Refinery  
  23  2:20  Marine  
  23  2:22  SCV  
  25  2:34  SCV  
  26  2:46  Barracks Reactor, SCV  
  27  2:53  Hellion  
  27  2:55  Starport  
  27  2:57  Orbital Command  
  29  2:58  SCV  
  30  3:11  SCV  
  31  3:15  Factory Tech Lab  
  31  3:22  Marine x2  
  31  3:23  SCV  
  31  3:24  SCV  
  35  3:27  Engineering Bay  
  35  3:33  Supply Depot  
  35  3:36  SCV x2  
  35  3:40  Starport Reactor  
  40  3:43  Viking, Cyclone  
  40  3:48  SCV  
  44  3:49  SCV  
  44  3:53  Marine  
  44  3:54  Marine  
  47  3:59  Supply Depot  
  47  4:01  SCV  
  47  4:02  SCV  
  45  4:28  SCV x2  
  45  4:29  Marine x2, Siege Tank  
  52  4:34  Supply Depot  
  52  4:40  SCV x2  
  52  4:45  Supply Depot  
  54  4:50  Marine  
  54  4:56  Viking, Marine  
  57  5:03  SCV x2  
  57  5:05  Siege Tank  
  62  5:08  Marine  
  62  5:10  Supply Depot  
  62  5:12  Missile Turret  
  62  5:13  Marine  
  64  5:15  Missile Turret  
  64  5:25  SCV x2  
  64  5:26  Viking  
  68  5:33  Marine x2  
  70  5:37  SCV x2  
  72  5:43  Command Center  
  72  5:48  Supply Depot  
  72  5:49  SCV  
  74  5:50  SCV  
  74  5:51  Terran Infantry Weapons Level 1  
  74  5:54  Siege Tank  
  77  6:04  Barracks Tech Lab, Barracks  
  77  6:12  SCV x2  
  77  6:15  Refinery  
  79  6:19  Barracks  
  79  6:24  SCV  
  80  6:25  SCV  
  78  6:34  Marine, Stimpack  
  78  6:35  Siege Tank  
  78  6:36  Viking, SCV  
  76  6:50  SCV  
  76  6:51  SCV  
  76  6:53  Refinery  
  76  6:54  Marine  
  77  6:57  Orbital Command  
  78  7:04  SCV x2  
  78  7:07  Barracks Reactor  
  80  7:08  Barracks Reactor  
  80  7:09  Barracks Reactor  
  79  7:16  SCV  
  79  7:17  Supply Depot, Marine  
  81  7:23  Engineering Bay  
  81  7:25  Orbital Command  
  81  7:29  Sensor Tower, SCV x2  
  83  7:41  SCV  
  83  7:42  SCV  
  83  7:43  Marine  
  86  7:45  Barracks  
  86  7:46  Medivac, Siege Tank  
  86  7:47  Barracks  
  86  7:49  Marine x4  
  95  7:58  SCV  
  96  7:59  SCV x2  
  96  8:03  Terran Infantry Armor Level 1  
  98  8:06  Armory  
  98  8:10  SCV  
  98  8:11  Supply Depot x2  
  99  8:17  Sensor Tower  
  99  8:19  SCV x2  
  101  8:32  Marine x5  
  106  8:35  Barracks Reactor  
  106  8:36  Barracks Reactor, Combat Shields  
  106  8:37  Factory  
  106  8:50  Marine x3  
  106  8:52  Marine  
  106  8:53  Marine  
  100  9:08  Marine x3  
  87  9:10  Marine x2  
  85  9:17  SCV x3  
  81  9:26  Marine x2  
  81  9:29  SCV x3  
  83  9:32  Marine x3  
  83  9:33  Marine, Sensor Tower  
  87  9:38  Terran Infantry Weapons Level 2  
  87  9:41  SCV x3  
  87  9:42  Marine  
  87  9:43  Marine x2  
  87  9:44  Factory Tech Lab  
  93  9:47  Medivac  
  93  9:51  Refinery  
  95  9:53  SCV x2  
  95  9:55  SCV  
  98  10:01  Marine x5  
  98  10:04  Siege Tank  
  98  10:05  SCV  
  98  10:06  SCV  
  108  10:09  Supply Depot x2  
  108  10:15  SCV  
  108  10:17  SCV  
  108  10:18  SCV  
  108  10:19  Refinery  
  111  10:22  Marine x2, Siege Tank  
  111  10:27  Supply Depot  
  111  10:28  SCV  
  117  10:29  Supply Depot  
  117  10:30  Medivac, SCV  
  120  10:41  Marine x4  
  120  10:42  Medivac  
  126  10:43  Siege Tank  
  126  10:44  Marine x3  
  126  10:47  Supply Depot  
  126  10:48  Supply Depot  
  131  10:57  Marine x2  
  131  11:02  Marine x4  
  131  11:03  Medivac  
  139  11:05  Siege Tank  
  139  11:07  SCV  
  139  11:09  SCV  
  144  11:19  Marine x2  
  144  11:20  Medivac, Siege Tank  
  151  11:32  Command Center  
  140  11:35  Marine  
  140  11:36  Marine x2  
  143  11:52  Marine x3, Medivac x2  
  149  11:55  Marine x4  
  149  11:59  Terran Vehicle Weapons Level 1  
  150  12:21  Marine x2  
  150  12:22  Marine x7, Medivac, Siege Tank x2  
  166  12:31  Orbital Command  
  163  12:39  Marine x7  
  170  12:50  Marine  
  170  12:51  Marine  
  155  12:56  Marine  
  155  12:57  Marine x6  
  155  12:58  Engineering Bay  
  163  13:02  Armory  
  163  13:08  Marine  
  163  13:09  Marine  
  165  13:14  Marine x2  
  165  13:15  Marine  
  168  13:21  Engineering Bay  
  168  13:22  Supply Depot  
  168  13:32  Marine x3  
  148  13:43  Marine x6  
  148  13:44  Planetary Fortress  
  154  13:50  Marine x2  
  153  14:08  Marine  
  153  14:09  Marine x8  
  156  14:10  Siege Tank x2  
  156  14:14  Medivac  
  157  14:26  Marine  
  157  14:27  Marine  
  159  14:32  Marine  
  159  14:33  Marine x5  
  162  14:42  Siege Tank  
  162  14:43  Siege Tank  
  152  15:02  Marine, Medivac x2  
  152  15:03  Marine x8  
  165  15:15  Siege Tank x2  
  165  15:16  Command Center  
  165  15:18  Terran Infantry Armor Level 2  
  165  15:20  Marine  
  165  15:21  Marine  
  172  15:26  Terran Infantry Weapons Level 3  
  173  15:41  Sensor Tower  
  171  15:47  Siege Tank  
  174  15:52  Viking, Siege Tank  
  168  16:19  Siege Tank  
  168  16:21  Marine  
  168  16:24  Siege Tank  
  162  16:46  SCV  
  146  17:10  Marine, Command Center  
  146  17:11  Marine x4  
  151  17:38  Marine x4  
  151  17:39  Siege Tank  
  151  17:41  Planetary Fortress  
  151  17:42  SCV x3  
  161  18:03  Viking x2  
  156  18:26  Terran Infantry Armor Level 3  
  155  18:38  Marine  
  155  18:39  Marine  
  157  19:19  Marine  
  123  19:40  Marine  
  123  19:41  Marine x5  
  123  19:42  Starport Reactor, Siege Tank, Factory Tech Lab  
  123  19:44  Barracks  
  125  19:47  Factory, Barracks  
  125  19:50  Planetary Fortress  
  125  19:58  Marine  
  125  19:59  Marine x4  
  130  20:00  Command Center  
  129  20:13  Marine  
  132  20:14  Siege Tank  
  132  20:16  Marine x3  
  132  20:20  Barracks Reactor x2  
  138  20:21  Siege Tank  
  138  20:22  Refinery  
  138  20:25  Refinery  
  131  20:43  Marine x3  
  131  20:44  Barracks Reactor x2  
  131  20:46  Siege Tank  
  133  20:50  Factory Tech Lab  
  130  21:03  Siege Tank  
  123  21:14  Siege Tank  
  123  21:16  Viking  
  123  21:18  Siege Tank  
  131  21:25  Missile Turret x2  
  131  21:30  Barracks Reactor  
  131  21:35  Siege Tank  
  131  21:36  Refinery  
  131  21:37  Refinery  
  109  21:46  Siege Tank  
  112  21:50  Siege Tank  
  115  22:07  Siege Tank  
  118  22:09  Marine  
  119  22:18  Siege Tank  
  119  22:20  Marine x12  
  119  22:22  Siege Tank  
  137  22:27  Marine  
  138  22:31  Sensor Tower  
  138  22:37  Marine  
  138  22:38  Marine x4  
  138  22:39  Siege Tank  
  131  22:49  Marine  
  131  22:50  Siege Tank  
  131  22:51  Viking x2  
  137  22:54  Siege Tank  
  140  23:00  Marine x4  
  140  23:01  Marine x5  
  149  23:11  Siege Tank  
  150  23:17  Marine  
  148  23:25  Marine  
  148  23:26  Marine x6  
  133  23:54  Marine x3  
  133  23:55  Marine x4  
  140  24:08  Sensor Tower  
  140  24:13  Marine  
  140  24:14  Marine  
  142  24:19  Command Center  
Tags
 
Add a new tag
Caveats
  • Supply blocks, unpowered buildings, or Contaminate may cause inaccurate times.
  • Supply counts are checked every 10 seconds.